[ AOE2 MATCH · #478761997 ]
UnrankedVietnamese vs Vietnamese
[ REPLAY ANALYSIS · EXTRACTED FROM THE RECORDED GAME ]
Feudal
9:51
Castle
14:57
Imperial
32:13
| APM avg | 32.2 |
| APM peak | 80 |
| eAPM avg | 16.0 |
| Villagers / military | 145 / 90 |
Focus
⚔️ 25.3% · 🌾 74.7%
Fire Lancer ×81 · Bombard Cannon ×7 · Monk ×1 · Trebuchet (Packed) ×1
Feudal
12:33
Castle
16:25
Imperial
26:01
| APM avg | 33.2 |
| APM peak | 82 |
| eAPM avg | 14.7 |
| Villagers / military | 68 / 72 |
Focus
⚔️ 21.1% · 🌾 78.9%
Skirmisher ×38 · Rattan Archer ×30 · Trebuchet (Packed) ×2 · Mangonel ×1 · Bombard Cannon ×1
Feudal
10:11
Castle
15:51
Imperial
29:45
| APM avg | 24.1 |
| APM peak | 55 |
| eAPM avg | 12.8 |
| Villagers / military | 117 / 202 |
Focus
⚔️ 27.0% · 🌾 73.0%
Genoese Crossbowman ×127 · Skirmisher ×64 · Bombard Cannon ×8 · Monk ×3
Feudal
13:41
Castle
17:54
Imperial
31:08
| APM avg | 34.7 |
| APM peak | 93 |
| eAPM avg | 13.6 |
| Villagers / military | 146 / 193 |
Focus
⚔️ 22.8% · 🌾 77.2%
Scout Cavalry ×90 · Mangudai ×72 · Knight ×29 · Trebuchet (Packed) ×2
Feudal
11:35
Castle
26:25
Imperial
36:46
| APM avg | 24.9 |
| APM peak | 66 |
| eAPM avg | 13.2 |
| Villagers / military | 136 / 190 |
Focus
⚔️ 39.3% · 🌾 60.7%
Spearman ×168 · Militia ×17 · Battering Ram ×3 · Mangonel ×2
Feudal
10:53
Castle
16:28
Imperial
30:37
| APM avg | 42.4 |
| APM peak | 100 |
| eAPM avg | 21.8 |
| Villagers / military | 152 / 287 |
Focus
⚔️ 25.7% · 🌾 74.3%
Skirmisher ×206 · Jaguar Warrior ×62 · Spearman ×13 · Trebuchet (Packed) ×4 · Monk ×2
Feudal
10:34
Castle
14:29
Imperial
28:05
| APM avg | 25.2 |
| APM peak | 82 |
| eAPM avg | 17.8 |
| Villagers / military | 135 / 295 |
Focus
⚔️ 26.2% · 🌾 73.8%
Spearman ×172 · Camel Scout ×67 · Knight ×39 · War Elephant ×9 · Trebuchet (Packed) ×6 · Monk ×1
Feudal
11:50
Castle
15:45
Imperial
29:08
| APM avg | 20.8 |
| APM peak | 42 |
| eAPM avg | 15.6 |
| Villagers / military | 143 / 368 |
Focus
⚔️ 26.5% · 🌾 73.5%
Scout Cavalry ×359 · Trebuchet (Packed) ×7 · Knight ×2
Match map
Initial resources + every placement click. Lines = walls · curves = elevation contours. ◆ gold · ⬟ stone · ● berries · ✦ relic · ◌ wall gap
Your base· ✓ Closed at 14:57 · 0t walls · 2 gate(s)
minakuio's base· ✓ Closed at 16:25 · 0t walls · 2 gate(s)
360216051's base· ✓ Closed at 15:51 · 0t walls · 2 gate(s)
Denessa's base· ✓ Closed at 17:54 · 0t walls · 3 gate(s)
节操's base· ✓ Closed at 26:25 · 6t walls · 4 gate(s)
阿巴阿巴's base· ✓ Closed at 16:28 · 0t walls · 3 gate(s)
青山新雨 夜观星河's base· ✓ Closed at 14:29 · 0t walls · 2 gate(s)
随便玩玩's base· ✓ Closed at 15:45 · 0t walls · 3 gate(s)
Smoothed initial terrain · ◌ = detected wall gap · hover for details
Inputs per minute
— ui949 - - minakuio
Build order — ui949
First 150 of 405 actions detected
| 0:03 | Create | Villager (Male) |
| 0:04 | Create | Villager (Male) |
| 0:05 | Build | House |
| 0:06 | Build | House |
| 0:17 | Create | Villager (Male) |
| 0:17 | Create | Villager (Male) |
| 1:22 | Build | House |
| 1:31 | Create | Villager (Male) |
| 2:00 | Create | Villager (Male) |
| 2:03 | Build | House |
| 2:12 | Build | Lumber Camp |
| 2:31 | Create | Villager (Male) |
| 2:56 | Create | Villager (Male) |
| 3:24 | Create | Villager (Male) |
| 3:49 | Create | Villager (Male) |
| 4:14 | Create | Villager (Male) |
| 4:38 | Create | Villager (Male) |
| 4:53 | Create | Villager (Male) |
| 5:08 | Create | Villager (Male) |
| 5:33 | Build | Mill |
| 5:50 | Create | Villager (Male) |
| 5:50 | Create | Villager (Male) |
| 5:51 | Create | Villager (Male) |
| 5:51 | Create | Villager (Male) |
| 6:21 | Create | Villager (Male) |
| 6:21 | Create | Villager (Male) |
| 7:38 | Build | Farm |
| 7:41 | Research | Feudal Age |
| 7:48 | Build | Farm |
| 7:55 | Build | Mining Camp |
| 8:59 | Create | Villager (Male) |
| 9:09 | Build | House |
| 9:35 | Build | House |
| 9:51 | Age | Feudal Age |
| 10:08 | Build | Blacksmith |
| 10:15 | Create | Villager (Male) |
| 10:38 | Create | Villager (Male) |
| 11:00 | Build | Market |
| 11:14 | Create | Villager (Male) |
| 11:49 | Build | Farm |
| 11:52 | Create | Villager (Male) |
| 12:06 | Research | Double-Bit Axe |
| 12:16 | Research | Castle Age |
| 12:52 | Build | Lumber Camp |
| 12:59 | Build | Farm |
| 13:09 | Research | Horse Collar |
| 13:21 | Create | Villager (Male) |
| 13:28 | Build | Barracks |
| 13:46 | Create | Villager (Male) |
| 14:57 | Age | Castle Age |
| 15:03 | Build | Town Center |
| 15:15 | Create | Fire Lancer |
| 15:22 | Research | Heavy Plow |
| 15:32 | Research | Forging |
| 15:38 | Build | Barracks |
| 15:45 | Create | Fire Lancer |
| 16:11 | Build | Archery Range |
| 16:15 | Create | Fire Lancer |
| 16:17 | Create | Fire Lancer |
| 16:30 | Create | Fire Lancer |
| 17:44 | Build | Farm |
| 18:07 | Build | Farm |
| 18:17 | Build | Town Center |
| 18:29 | Build | Gate |
| 18:33 | Create | Villager (Male) |
| 18:34 | Research | Loom |
| 18:53 | Research | Wheelbarrow |
| 19:02 | Create | Villager (Male) |
| 19:19 | Create | Villager (Male) |
| 19:27 | Build | Farm |
| 19:43 | Create | Villager (Male) |
| 20:00 | Create | Villager (Male) |
| 20:10 | Create | Villager (Male) |
| 20:16 | Build | Farm |
| 20:25 | Build | Farm |
| 20:27 | Build | Farm |
| 20:29 | Create | Villager (Male) |
| 20:42 | Create | Villager (Male) |
| 20:49 | Build | Monastery |
| 20:56 | Create | Villager (Male) |
| 21:15 | Build | Farm |
| 21:20 | Build | House |
| 21:21 | Build | House |
| 21:25 | Create | Villager (Male) |
| 21:32 | Create | Monk |
| 21:35 | Create | Villager (Male) |
| 22:02 | Build | House |
| 22:09 | Create | Villager (Male) |
| 22:14 | Build | Farm |
| 22:19 | Build | Farm |
| 22:21 | Create | Villager (Male) |
| 22:32 | Build | Farm |
| 22:34 | Create | Villager (Male) |
| 22:36 | Build | Farm |
| 22:47 | Create | Villager (Male) |
| 22:50 | Build | Farm |
| 22:52 | Create | Villager (Male) |
| 22:58 | Build | Farm |
| 23:07 | Build | Farm |
| 23:08 | Create | Villager (Male) |
| 23:16 | Build | House |
| 23:17 | Build | House |
| 23:18 | Build | House |
| 23:18 | Build | House |
| 23:18 | Build | House |
| 23:18 | Build | House |
| 23:21 | Create | Villager (Male) |
| 23:25 | Build | Mining Camp |
| 23:41 | Create | Villager (Male) |
| 23:46 | Build | Farm |
| 23:50 | Build | House |
| 23:50 | Build | House |
| 23:50 | Build | House |
| 23:51 | Build | House |
| 23:51 | Build | House |
| 23:55 | Research | Fletching |
| 23:58 | Create | Villager (Male) |
| 24:08 | Create | Villager (Male) |
| 24:11 | Build | Farm |
| 24:16 | Build | Farm |
| 24:17 | Create | Villager (Male) |
| 24:22 | Build | Farm |
| 24:26 | Create | Villager (Male) |
| 24:49 | Create | Villager (Male) |
| 24:52 | Build | Farm |
| 24:59 | Create | Villager (Male) |
| 25:18 | Research | Hand Cart |
| 25:20 | Create | Villager (Male) |
| 25:32 | Create | Villager (Male) |
| 25:36 | Research | Squires |
| 25:45 | Create | Villager (Male) |
| 25:49 | Create | Villager (Male) |
| 26:16 | Create | Villager (Male) |
| 26:19 | Build | Farm |
| 26:22 | Build | Farm |
| 26:24 | Create | Villager (Male) |
| 26:32 | Build | House |
| 26:32 | Build | House |
| 26:32 | Build | House |
| 26:32 | Build | House |
| 26:32 | Build | House |
| 26:32 | Build | House |
| 26:33 | Build | House |
| 26:43 | Build | University |
| 26:46 | Research | Bow Saw |
| 26:48 | Create | Villager (Male) |
| 26:54 | Create | Villager (Male) |
| 26:58 | Build | Farm |
| 27:03 | Create | Villager (Male) |
| 27:10 | Research | Gold Mining |
Build order — minakuio
First 150 of 215 actions detected
| 0:03 | Build | House |
| 0:04 | Build | House |
| 0:19 | Create | Villager (Male) |
| 0:19 | Create | Villager (Male) |
| 0:19 | Create | Villager (Male) |
| 0:20 | Create | Villager (Male) |
| 0:20 | Create | Villager (Male) |
| 1:42 | Create | Villager (Male) |
| 2:03 | Build | Lumber Camp |
| 2:05 | Create | Villager (Male) |
| 2:29 | Create | Villager (Male) |
| 3:09 | Create | Villager (Male) |
| 3:09 | Create | Villager (Male) |
| 3:39 | Create | Villager (Male) |
| 3:42 | Build | House |
| 4:07 | Create | Villager (Male) |
| 4:07 | Create | Villager (Male) |
| 4:34 | Build | Mill |
| 4:40 | Create | Villager (Male) |
| 5:29 | Create | Villager (Male) |
| 5:32 | Build | House |
| 5:55 | Create | Villager (Male) |
| 6:17 | Build | Lumber Camp |
| 6:36 | Create | Villager (Male) |
| 6:36 | Create | Villager (Male) |
| 6:37 | Create | Villager (Male) |
| 7:48 | Create | Villager (Male) |
| 7:54 | Create | Villager (Male) |
| 8:17 | Build | House |
| 8:43 | Create | Villager (Male) |
| 8:43 | Create | Villager (Male) |
| 9:15 | Build | Mining Camp |
| 9:17 | Create | Villager (Male) |
| 9:22 | Create | Villager (Male) |
| 9:58 | Create | Villager (Male) |
| 10:02 | Build | Mining Camp |
| 10:13 | Research | Feudal Age |
| 11:02 | Create | Villager (Male) |
| 11:02 | Create | Villager (Male) |
| 11:08 | Build | Barracks |
| 12:27 | Build | Farm |
| 12:33 | Age | Feudal Age |
| 12:38 | Build | Market |
| 12:43 | Build | Market |
| 12:46 | Build | Blacksmith |
| 13:18 | Build | Blacksmith |
| 13:45 | Research | Castle Age |
| 13:45 | Research | Castle Age |
| 13:55 | Build | Farm |
| 13:59 | Build | Farm |
| 15:31 | Build | Farm |
| 15:50 | Research | Double-Bit Axe |
| 16:17 | Research | Loom |
| 16:25 | Age | Castle Age |
| 16:42 | Build | Castle |
| 16:43 | Create | Villager (Male) |
| 16:57 | Build | House |
| 16:58 | Build | House |
| 17:02 | Build | House |
| 17:31 | Build | House |
| 17:36 | Create | Villager (Male) |
| 17:41 | Build | Siege Workshop |
| 17:52 | Build | Farm |
| 17:54 | Build | Farm |
| 17:55 | Create | Villager (Male) |
| 18:18 | Build | Mining Camp |
| 18:20 | Build | Farm |
| 18:30 | Research | Gold Mining |
| 18:41 | Create | Villager (Male) |
| 18:44 | Build | Farm |
| 19:09 | Build | Farm |
| 19:10 | Create | Villager (Male) |
| 19:16 | Create | Mangonel |
| 19:36 | Create | Villager (Male) |
| 19:37 | Build | Farm |
| 19:43 | Build | Mining Camp |
| 20:01 | Create | Villager (Male) |
| 20:03 | Build | Farm |
| 20:17 | Create | Villager (Male) |
| 20:28 | Build | Farm |
| 20:51 | Create | Villager (Male) |
| 20:53 | Build | Farm |
| 21:17 | Create | Villager (Male) |
| 21:20 | Build | Farm |
| 21:47 | Build | Farm |
| 21:49 | Create | Villager (Male) |
| 22:14 | Create | Villager (Male) |
| 22:17 | Build | Farm |
| 22:41 | Build | Farm |
| 22:51 | Research | Imperial Age |
| 22:57 | Create | Rattan Archer |
| 22:58 | Create | Rattan Archer |
| 23:16 | Build | Castle |
| 23:23 | Research | Fletching |
| 23:26 | Create | Rattan Archer |
| 24:33 | Create | Rattan Archer |
| 24:49 | Build | University |
| 24:56 | Research | Bow Saw |
| 25:09 | Create | Rattan Archer |
| 26:01 | Age | Imperial Age |
| 26:02 | Create | Trebuchet (Packed) |
| 26:05 | Create | Trebuchet (Packed) |
| 26:12 | Create | Villager (Male) |
| 26:12 | Create | Villager (Male) |
| 26:49 | Research | Paper Money |
| 26:51 | Create | Rattan Archer |
| 26:51 | Create | Rattan Archer |
| 26:56 | Research | Bodkin Arrow |
| 27:12 | Create | Villager (Male) |
| 27:22 | Build | Lumber Camp |
| 27:29 | Create | Villager (Male) |
| 27:29 | Create | Villager (Male) |
| 28:05 | Research | Chemistry |
| 28:08 | Create | Rattan Archer |
| 28:11 | Research | Padded Archer Armor |
| 28:11 | Research | Padded Archer Armor |
| 28:32 | Create | Villager (Male) |
| 29:03 | Build | Gate |
| 29:22 | Research | Ballistics |
| 29:26 | Build | Farm |
| 29:36 | Create | Villager (Male) |
| 29:37 | Create | Villager (Male) |
| 29:42 | Build | Town Center |
| 30:01 | Build | House |
| 30:13 | Research | Two-Man Saw |
| 30:42 | Create | Villager (Male) |
| 30:42 | Create | Villager (Male) |
| 30:48 | Create | Rattan Archer |
| 30:48 | Create | Rattan Archer |
| 30:57 | Research | Bracer |
| 31:36 | Create | Villager (Male) |
| 31:36 | Create | Villager (Male) |
| 31:37 | Create | Villager (Male) |
| 31:44 | Create | Villager (Male) |
| 32:04 | Research | Leather Archer Armor |
| 32:32 | Create | Rattan Archer ×5 |
| 33:46 | Research | Ring Archer Armor |
| 33:49 | Create | Rattan Archer ×3 |
| 34:03 | Build | Mining Camp |
| 34:07 | Create | Villager (Male) |
| 34:08 | Create | Villager (Male) |
| 34:10 | Research | Wheelbarrow |
| 35:48 | Build | Farm |
| 35:49 | Build | Farm |
| 35:51 | Create | Villager (Male) |
| 35:51 | Create | Villager (Male) |
| 35:58 | Build | Archery Range |
| 36:25 | Build | Farm |
| 36:49 | Create | Bombard Cannon |
| 36:52 | Research | Tech 621 |
Build order — 360216051
First 150 of 313 actions detected
| 0:05 | Build | House |
| 0:05 | Create | Villager (Male) |
| 0:06 | Create | Villager (Male) |
| 0:06 | Create | Villager (Male) |
| 0:08 | Build | House |
| 0:45 | Create | Villager (Male) |
| 1:36 | Create | Villager (Male) |
| 1:55 | Create | Villager (Male) |
| 2:25 | Create | Villager (Male) |
| 2:51 | Create | Villager (Male) |
| 3:12 | Build | Lumber Camp |
| 3:15 | Create | Villager (Male) |
| 3:15 | Create | Villager (Male) |
| 3:32 | Research | Loom |
| 3:33 | Create | Villager (Male) |
| 3:43 | Build | House |
| 3:45 | Build | House |
| 4:29 | Create | Villager (Male) |
| 4:29 | Create | Villager (Male) |
| 4:41 | Create | Villager (Male) |
| 5:02 | Create | Villager (Male) |
| 5:19 | Create | Villager (Male) |
| 5:52 | Build | Mill |
| 6:06 | Create | Villager (Male) |
| 6:06 | Create | Villager (Male) |
| 6:49 | Create | Villager (Male) |
| 6:50 | Create | Villager (Male) |
| 7:43 | Create | Villager (Male) |
| 7:53 | Research | Feudal Age |
| 8:53 | Create | Villager (Male) |
| 8:53 | Create | Villager (Male) |
| 9:19 | Build | Barracks |
| 9:21 | Build | House |
| 10:07 | Build | Mining Camp |
| 10:11 | Age | Feudal Age |
| 10:29 | Create | Villager (Male) |
| 10:33 | Build | House |
| 11:22 | Create | Villager (Male) |
| 11:23 | Create | Villager (Male) |
| 11:40 | Build | Blacksmith |
| 12:09 | Create | Villager (Male) |
| 12:26 | Build | Archery Range |
| 12:36 | Create | Villager (Male) |
| 13:11 | Research | Castle Age |
| 13:16 | Research | Double-Bit Axe |
| 13:23 | Build | Farm |
| 13:24 | Build | Farm |
| 13:27 | Build | Farm |
| 13:43 | Research | Horse Collar |
| 14:05 | Build | Mining Camp |
| 14:32 | Create | Villager (Male) |
| 14:32 | Create | Villager (Male) |
| 14:41 | Research | Stone Mining |
| 14:43 | Create | Villager (Male) |
| 15:00 | Build | Farm |
| 15:36 | Build | Farm |
| 15:37 | Build | Farm |
| 15:39 | Build | Farm |
| 15:43 | Build | Farm |
| 15:44 | Build | Farm |
| 15:51 | Age | Castle Age |
| 16:02 | Create | Villager (Male) |
| 16:04 | Create | Villager (Male) |
| 16:15 | Create | Villager (Male) |
| 16:19 | Build | Farm |
| 16:43 | Research | Bow Saw |
| 16:48 | Build | House |
| 16:50 | Build | House |
| 16:52 | Build | House |
| 17:18 | Research | Heavy Plow |
| 17:27 | Build | Farm |
| 17:38 | Create | Villager (Male) |
| 18:10 | Build | Monastery |
| 18:14 | Create | Villager (Male) |
| 18:15 | Create | Villager (Male) |
| 19:04 | Research | Wheelbarrow |
| 19:05 | Create | Villager (Male) |
| 19:28 | Build | Castle |
| 19:32 | Create | Monk |
| 19:32 | Create | Monk |
| 19:49 | Create | Villager (Male) |
| 19:50 | Create | Villager (Male) |
| 20:04 | Build | Town Center |
| 20:08 | Create | Villager (Male) |
| 20:21 | Create | Villager (Male) |
| 20:25 | Research | Gold Mining |
| 20:49 | Create | Villager (Male) |
| 21:12 | Create | Villager (Male) |
| 21:13 | Create | Villager (Male) |
| 21:37 | Build | University |
| 21:41 | Create | Villager (Male) |
| 22:01 | Build | Farm |
| 22:02 | Build | Farm |
| 22:03 | Build | Farm |
| 22:06 | Build | Farm |
| 22:10 | Build | Farm |
| 22:12 | Build | Farm |
| 22:21 | Create | Villager (Male) |
| 22:21 | Create | Villager (Male) |
| 22:21 | Create | Villager (Male) |
| 22:39 | Build | Mining Camp |
| 22:47 | Create | Monk |
| 22:59 | Research | Treadmill Crane |
| 22:59 | Research | Ballistics |
| 23:08 | Create | Villager (Male) |
| 23:09 | Create | Villager (Male) |
| 23:11 | Create | Villager (Male) |
| 23:20 | Create | Genoese Crossbowman |
| 23:25 | Create | Genoese Crossbowman |
| 23:47 | Create | Genoese Crossbowman |
| 23:51 | Create | Villager (Male) |
| 23:53 | Create | Villager (Male) |
| 23:53 | Create | Villager (Male) |
| 24:07 | Create | Genoese Crossbowman |
| 24:09 | Create | Genoese Crossbowman |
| 24:12 | Create | Villager (Male) |
| 24:14 | Create | Villager (Male) |
| 24:15 | Create | Villager (Male) |
| 24:33 | Create | Villager (Male) |
| 24:33 | Create | Villager (Male) |
| 24:34 | Create | Villager (Male) |
| 24:35 | Create | Villager (Male) |
| 24:47 | Build | Lumber Camp |
| 24:54 | Create | Villager (Male) |
| 24:56 | Create | Villager (Male) |
| 24:56 | Create | Villager (Male) |
| 25:19 | Create | Genoese Crossbowman |
| 25:19 | Create | Genoese Crossbowman |
| 25:31 | Build | Farm |
| 26:09 | Build | Town Center |
| 26:17 | Build | Farm |
| 26:23 | Create | Genoese Crossbowman |
| 26:23 | Create | Genoese Crossbowman |
| 26:24 | Create | Genoese Crossbowman |
| 26:32 | Research | Imperial Age |
| 26:43 | Create | Genoese Crossbowman |
| 26:58 | Research | Stone Shaft Mining |
| 27:17 | Build | House |
| 27:18 | Build | House |
| 27:18 | Build | House |
| 27:19 | Build | House |
| 27:27 | Research | Padded Archer Armor |
| 27:28 | Research | Fletching |
| 27:39 | Create | Villager (Male) |
| 27:39 | Create | Villager (Male) |
| 27:44 | Create | Villager (Male) |
| 27:51 | Build | Farm |
| 27:52 | Build | Farm |
| 27:53 | Build | Farm |
| 27:58 | Create | Villager (Male) |
Build order — Denessa
First 150 of 301 actions detected
| 0:04 | Build | House |
| 0:06 | Build | House |
| 0:11 | Research | Loom |
| 0:11 | Create | Villager (Male) ×4 |
| 0:12 | Create | Villager (Male) ×4 |
| 2:02 | Create | Villager (Male) |
| 2:02 | Create | Villager (Male) |
| 2:17 | Create | Villager (Male) |
| 2:51 | Build | Lumber Camp |
| 3:10 | Build | House |
| 3:12 | Build | House |
| 3:30 | Create | Villager (Male) |
| 3:31 | Create | Villager (Male) |
| 3:31 | Create | Villager (Male) |
| 3:31 | Create | Villager (Male) |
| 4:13 | Create | Villager (Male) |
| 4:41 | Create | Villager (Male) |
| 4:41 | Create | Villager (Male) |
| 4:42 | Create | Villager (Male) |
| 5:39 | Build | Mill |
| 5:48 | Create | Villager (Male) |
| 5:49 | Create | Villager (Male) |
| 6:54 | Create | Villager (Male) |
| 6:54 | Create | Villager (Male) |
| 6:54 | Create | Villager (Male) |
| 6:54 | Create | Villager (Male) |
| 6:54 | Create | Villager (Male) |
| 7:03 | Create | Villager (Male) |
| 7:03 | Create | Villager (Male) |
| 7:03 | Create | Villager (Male) |
| 7:27 | Build | Lumber Camp |
| 8:13 | Create | Villager (Male) |
| 8:14 | Create | Villager (Male) |
| 8:14 | Create | Villager (Male) |
| 8:33 | Create | Villager (Male) |
| 9:06 | Build | Mining Camp |
| 9:58 | Build | House |
| 10:12 | Research | Feudal Age |
| 12:45 | Build | Farm |
| 13:41 | Age | Feudal Age |
| 13:48 | Build | Market |
| 13:57 | Build | Blacksmith |
| 13:59 | Build | House |
| 14:04 | Build | Farm |
| 14:05 | Build | Farm |
| 14:06 | Build | Farm |
| 14:08 | Build | Farm |
| 14:18 | Build | Farm |
| 14:49 | Create | Villager (Male) |
| 14:50 | Create | Villager (Male) |
| 15:03 | Research | Castle Age |
| 15:09 | Build | Mining Camp |
| 16:07 | Research | Double-Bit Axe |
| 16:10 | Research | Horse Collar |
| 16:14 | Build | Farm |
| 16:17 | Build | Farm |
| 16:28 | Research | Stone Mining |
| 16:31 | Research | Gold Mining |
| 17:32 | Build | House |
| 17:34 | Build | House |
| 17:35 | Build | House |
| 17:35 | Build | House |
| 17:54 | Age | Castle Age |
| 17:57 | Build | Town Center |
| 18:06 | Build | Town Center |
| 18:15 | Create | Villager (Male) |
| 18:15 | Create | Villager (Male) |
| 18:17 | Create | Villager (Male) |
| 18:17 | Create | Villager (Male) |
| 18:18 | Create | Villager (Male) |
| 18:18 | Create | Villager (Male) |
| 18:18 | Create | Villager (Male) |
| 19:13 | Create | Villager (Male) |
| 19:23 | Create | Villager (Male) |
| 19:23 | Create | Villager (Male) |
| 19:28 | Create | Villager (Male) |
| 19:33 | Create | Villager (Male) |
| 19:34 | Create | Villager (Male) |
| 19:34 | Create | Villager (Male) |
| 19:34 | Create | Villager (Male) |
| 19:40 | Build | Farm |
| 19:42 | Build | Farm |
| 19:43 | Build | Farm |
| 19:45 | Build | Farm |
| 19:53 | Build | Farm |
| 19:59 | Create | Villager (Male) |
| 19:59 | Create | Villager (Male) |
| 20:04 | Build | Farm |
| 20:05 | Build | Farm |
| 20:06 | Build | Farm |
| 20:07 | Build | Farm |
| 20:12 | Build | Farm |
| 20:26 | Build | Farm |
| 20:27 | Build | Farm |
| 20:28 | Build | Farm |
| 20:30 | Build | Farm |
| 20:35 | Build | Farm |
| 20:43 | Build | Farm |
| 20:50 | Build | Farm |
| 20:51 | Build | Farm |
| 21:00 | Build | Farm |
| 21:05 | Create | Villager (Male) ×5 |
| 21:06 | Create | Villager (Male) ×5 |
| 21:18 | Build | House |
| 21:22 | Build | House |
| 21:27 | Create | Villager (Male) ×2 |
| 21:30 | Create | Villager (Male) |
| 21:39 | Build | Farm |
| 21:49 | Create | Villager (Male) ×4 |
| 21:49 | Create | Villager (Male) ×4 |
| 21:53 | Build | House |
| 22:06 | Create | Villager (Male) ×2 |
| 22:07 | Create | Villager (Male) ×2 |
| 22:29 | Create | Villager (Male) ×3 |
| 22:29 | Create | Villager (Male) |
| 22:29 | Create | Villager (Male) |
| 22:42 | Build | Farm |
| 22:53 | Build | Farm |
| 22:56 | Build | Farm |
| 22:59 | Build | Farm |
| 23:00 | Build | Farm |
| 23:07 | Create | Villager (Male) ×5 |
| 23:07 | Create | Villager (Male) |
| 23:25 | Create | Villager (Male) ×3 |
| 23:25 | Create | Villager (Male) ×3 |
| 23:44 | Build | Farm |
| 23:47 | Build | Farm |
| 23:56 | Build | Mill |
| 23:59 | Build | Farm |
| 24:27 | Create | Villager (Male) ×5 |
| 24:28 | Create | Villager (Male) ×5 |
| 24:28 | Create | Villager (Male) ×5 |
| 24:28 | Create | Villager (Male) ×2 |
| 24:32 | Build | Farm |
| 24:37 | Build | Farm |
| 24:38 | Build | Farm |
| 24:46 | Create | Villager (Male) ×3 |
| 24:46 | Create | Villager (Male) ×3 |
| 24:53 | Build | Mining Camp |
| 25:06 | Build | House |
| 25:08 | Build | House |
| 25:17 | Build | Farm |
| 25:34 | Build | Farm |
| 25:34 | Build | Farm |
| 25:54 | Create | Villager (Male) |
| 25:54 | Create | Villager (Male) |
| 25:57 | Build | Mining Camp |
| 26:01 | Build | House |
| 26:02 | Build | House |
| 26:09 | Build | Barracks |
Build order — 节操
First 150 of 436 actions detected
| 0:02 | Create | Villager (Male) |
| 0:02 | Create | Villager (Male) |
| 0:02 | Create | Villager (Male) |
| 0:02 | Create | Villager (Male) |
| 0:03 | Create | Villager (Male) |
| 0:10 | Build | House |
| 0:13 | Build | House |
| 0:17 | Build | House |
| 1:27 | Build | House |
| 1:42 | Create | Villager (Male) |
| 2:13 | Build | Lumber Camp |
| 2:15 | Create | Villager (Male) |
| 2:15 | Create | Villager (Male) |
| 2:48 | Create | Villager (Male) |
| 2:48 | Create | Villager (Male) |
| 3:15 | Create | Villager (Male) |
| 3:15 | Create | Villager (Male) |
| 3:24 | Create | Villager (Male) |
| 3:25 | Create | Villager (Male) |
| 3:53 | Create | Villager (Male) |
| 3:53 | Create | Villager (Male) |
| 4:22 | Create | Villager (Male) |
| 4:23 | Create | Villager (Male) |
| 5:03 | Build | Mill |
| 5:11 | Create | Villager (Male) |
| 5:11 | Create | Villager (Male) |
| 5:46 | Create | Villager (Male) |
| 5:46 | Create | Villager (Male) |
| 6:24 | Create | Villager (Male) |
| 6:25 | Create | Villager (Male) |
| 6:25 | Create | Villager (Male) |
| 7:10 | Create | Villager (Male) |
| 7:10 | Create | Villager (Male) |
| 7:39 | Create | Villager (Male) |
| 7:39 | Create | Villager (Male) |
| 8:01 | Create | Villager (Male) |
| 8:34 | Create | Villager (Male) |
| 9:00 | Create | Villager (Male) |
| 9:16 | Research | Feudal Age |
| 10:22 | Build | Barracks |
| 10:41 | Build | Mining Camp |
| 11:17 | Build | House |
| 11:20 | Build | House |
| 11:23 | Create | Militia |
| 11:24 | Create | Militia |
| 11:24 | Create | Militia |
| 11:35 | Age | Feudal Age |
| 11:44 | Research | Man-at-Arms (upgrade) |
| 11:52 | Create | Militia |
| 11:52 | Create | Militia |
| 11:53 | Create | Militia |
| 11:53 | Create | Militia |
| 11:58 | Create | Villager (Male) |
| 11:58 | Create | Villager (Male) |
| 11:59 | Create | Villager (Male) |
| 12:04 | Research | Double-Bit Axe |
| 12:16 | Build | Blacksmith |
| 12:27 | Create | Militia |
| 12:58 | Build | Siege Workshop |
| 13:28 | Create | Battering Ram |
| 13:33 | Create | Militia |
| 13:41 | Build | House |
| 13:49 | Build | House |
| 13:54 | Build | House |
| 14:11 | Create | Battering Ram |
| 14:14 | Create | Militia |
| 14:45 | Build | Town Center |
| 15:00 | Create | Militia |
| 15:01 | Create | Militia |
| 15:05 | Create | Militia |
| 15:06 | Create | Militia |
| 15:34 | Build | House |
| 15:41 | Research | Wheelbarrow |
| 15:50 | Create | Militia |
| 16:16 | Create | Battering Ram |
| 16:20 | Create | Militia |
| 16:20 | Create | Militia |
| 16:44 | Build | House |
| 18:16 | Build | Farm |
| 18:17 | Build | Farm |
| 18:18 | Build | Farm |
| 18:19 | Build | Farm |
| 18:20 | Build | Farm |
| 18:21 | Build | Farm |
| 18:22 | Build | Farm |
| 18:30 | Build | Farm |
| 18:31 | Build | Farm |
| 18:31 | Build | Farm |
| 18:33 | Build | Farm |
| 18:33 | Build | Farm |
| 18:38 | Create | Villager (Male) |
| 18:38 | Create | Villager (Male) |
| 18:38 | Create | Villager (Male) |
| 19:24 | Create | Spearman |
| 20:13 | Create | Villager (Male) |
| 20:14 | Create | Villager (Male) |
| 20:24 | Build | Market |
| 20:31 | Create | Villager (Male) |
| 20:31 | Create | Villager (Male) |
| 20:31 | Create | Villager (Male) |
| 20:53 | Research | Horse Collar |
| 20:53 | Research | Horse Collar |
| 21:25 | Build | Farm |
| 21:27 | Build | Farm |
| 21:28 | Build | Farm |
| 21:34 | Research | Town Watch |
| 21:35 | Create | Villager (Male) |
| 21:58 | Build | Farm |
| 22:35 | Build | Farm |
| 23:45 | Research | Castle Age |
| 24:09 | Create | Villager (Male) |
| 24:09 | Create | Villager (Male) |
| 25:29 | Build | Palisade Wall |
| 25:32 | Build | Palisade Gate |
| 25:38 | Create | Villager (Male) |
| 25:59 | Create | Villager (Male) |
| 25:59 | Create | Villager (Male) |
| 25:59 | Create | Villager (Male) |
| 26:24 | Build | Siege Workshop |
| 26:25 | Age | Castle Age |
| 26:30 | Build | House |
| 26:31 | Build | House |
| 26:33 | Build | House |
| 26:36 | Build | House |
| 26:36 | Build | House |
| 26:37 | Build | House |
| 26:41 | Create | Villager (Male) |
| 26:41 | Create | Villager (Male) |
| 26:41 | Create | Villager (Male) |
| 26:46 | Research | Bow Saw |
| 26:56 | Build | Farm |
| 27:12 | Build | Town Center |
| 27:17 | Create | Villager (Male) |
| 27:17 | Create | Villager (Male) |
| 27:43 | Build | Castle |
| 27:52 | Research | Hand Cart |
| 28:02 | Create | Villager (Male) |
| 28:02 | Create | Villager (Male) |
| 28:02 | Create | Villager (Male) |
| 28:03 | Create | Villager (Male) |
| 28:05 | Create | Villager (Male) |
| 28:05 | Create | Villager (Male) |
| 28:06 | Create | Villager (Male) |
| 28:19 | Build | Town Center |
| 28:27 | Research | Gold Mining |
| 28:27 | Research | Stone Mining |
| 28:33 | Research | Heavy Plow |
| 28:43 | Create | Villager (Male) |
| 28:44 | Create | Villager (Male) |
| 28:44 | Create | Villager (Male) |
Build order — 阿巴阿巴
First 150 of 349 actions detected
| 0:04 | Create | Villager (Male) |
| 0:04 | Create | Villager (Male) |
| 0:05 | Create | Villager (Male) ×2 |
| 0:06 | Build | House |
| 0:08 | Build | House |
| 1:28 | Create | Villager (Male) |
| 1:29 | Create | Villager (Male) |
| 2:07 | Create | Villager (Male) |
| 2:23 | Create | Villager (Male) |
| 2:55 | Create | Villager (Male) |
| 2:55 | Create | Villager (Male) |
| 3:26 | Build | House |
| 3:29 | Build | House |
| 3:45 | Create | Villager (Male) |
| 4:33 | Create | Villager (Male) |
| 4:33 | Create | Villager (Male) |
| 4:33 | Create | Villager (Male) |
| 4:34 | Create | Villager (Male) |
| 4:34 | Create | Villager (Male) |
| 5:07 | Create | Villager (Male) ×2 |
| 5:07 | Create | Villager (Male) ×2 |
| 5:39 | Create | Villager (Male) |
| 5:40 | Create | Villager (Male) |
| 5:54 | Create | Villager (Male) ×3 |
| 5:54 | Create | Villager (Male) ×3 |
| 6:40 | Create | Villager (Male) |
| 6:51 | Build | Lumber Camp |
| 7:43 | Build | Mill |
| 7:53 | Create | Villager (Male) ×5 |
| 7:54 | Create | Villager (Male) ×2 |
| 8:32 | Research | Feudal Age |
| 8:32 | Research | Feudal Age |
| 8:56 | Build | House |
| 8:57 | Build | House |
| 10:03 | Build | Mining Camp |
| 10:50 | Create | Villager (Male) |
| 10:50 | Create | Villager (Male) |
| 10:50 | Create | Villager (Male) |
| 10:53 | Age | Feudal Age |
| 11:37 | Build | Market |
| 11:55 | Create | Villager (Male) |
| 11:55 | Create | Villager (Male) |
| 11:57 | Create | Villager (Male) |
| 12:27 | Research | Loom |
| 12:53 | Build | Blacksmith |
| 13:22 | Build | Lumber Camp |
| 13:38 | Research | Double-Bit Axe |
| 13:38 | Research | Double-Bit Axe |
| 13:41 | Research | Castle Age |
| 14:13 | Build | Mining Camp |
| 14:48 | Research | Horse Collar |
| 15:56 | Create | Villager (Male) |
| 16:02 | Build | Farm |
| 16:03 | Build | Farm |
| 16:09 | Build | Farm |
| 16:25 | Build | Farm |
| 16:26 | Build | Farm |
| 16:28 | Age | Castle Age |
| 16:44 | Build | Town Center |
| 17:02 | Create | Villager (Male) |
| 17:05 | Build | Farm |
| 17:28 | Create | Villager (Male) |
| 17:38 | Build | Farm |
| 17:39 | Build | Farm |
| 17:46 | Build | Farm |
| 17:54 | Build | Farm |
| 17:56 | Create | Villager (Male) |
| 18:07 | Build | Farm |
| 18:16 | Build | Farm |
| 18:18 | Create | Villager (Male) |
| 18:45 | Build | Castle |
| 19:11 | Create | Villager (Male) ×4 |
| 19:15 | Build | Farm |
| 19:24 | Build | Farm |
| 19:26 | Create | Villager (Male) |
| 19:44 | Create | Villager (Male) ×2 |
| 19:45 | Create | Villager (Male) ×2 |
| 19:55 | Build | Farm |
| 19:56 | Build | Farm |
| 20:11 | Create | Villager (Male) ×2 |
| 20:11 | Create | Villager (Male) ×2 |
| 20:24 | Build | Mining Camp |
| 20:29 | Research | Stone Mining |
| 20:36 | Create | Villager (Male) |
| 20:51 | Create | Villager (Male) |
| 20:51 | Create | Villager (Male) |
| 20:54 | Build | Farm |
| 21:07 | Create | Villager (Male) ×2 |
| 21:20 | Build | Town Center |
| 21:28 | Build | Barracks |
| 21:36 | Create | Villager (Male) ×4 |
| 21:36 | Create | Villager (Male) ×4 |
| 21:41 | Build | House |
| 21:41 | Build | House |
| 21:41 | Build | House |
| 21:41 | Build | House |
| 21:42 | Build | House |
| 21:42 | Build | House |
| 22:01 | Create | Villager (Male) ×2 |
| 22:01 | Create | Villager (Male) ×2 |
| 22:02 | Create | Villager (Male) |
| 22:02 | Create | Villager (Male) |
| 22:12 | Build | Farm |
| 22:22 | Create | Villager (Male) ×3 |
| 22:22 | Create | Villager (Male) ×3 |
| 22:44 | Build | Farm |
| 22:44 | Build | Farm |
| 22:45 | Build | Farm |
| 22:54 | Create | Villager (Male) ×3 |
| 23:06 | Build | Archery Range |
| 23:13 | Create | Villager (Male) ×3 |
| 23:23 | Research | Heavy Plow |
| 23:48 | Build | House |
| 23:48 | Build | House |
| 23:49 | Build | House |
| 23:53 | Build | Monastery |
| 24:11 | Create | Villager (Male) ×5 |
| 24:11 | Create | Villager (Male) ×3 |
| 24:38 | Create | Monk |
| 24:39 | Create | Monk |
| 24:51 | Build | Castle |
| 25:04 | Research | Bow Saw |
| 25:18 | Build | Mill |
| 25:20 | Build | Farm |
| 25:20 | Build | Farm |
| 25:21 | Build | Farm |
| 25:21 | Build | Farm |
| 25:21 | Build | Farm |
| 25:21 | Build | Farm |
| 25:21 | Build | Farm |
| 25:22 | Build | Farm |
| 25:22 | Build | Farm |
| 25:22 | Build | Farm |
| 25:46 | Create | Villager (Male) ×5 |
| 25:46 | Create | Villager (Male) ×5 |
| 26:28 | Build | House |
| 26:28 | Build | House |
| 26:29 | Build | House |
| 27:14 | Research | Atlatl |
| 27:27 | Research | Imperial Age |
| 27:32 | Create | Villager (Male) |
| 27:47 | Create | Villager (Male) |
| 27:48 | Create | Villager (Male) |
| 28:11 | Build | House |
| 28:11 | Build | House |
| 28:12 | Build | House |
| 28:13 | Build | House |
| 28:14 | Build | House |
| 28:14 | Build | House |
| 28:14 | Build | House |
Build order — 青山新雨 夜观星河
First 150 of 438 actions detected
| 0:03 | Create | Villager (Male) |
| 0:03 | Create | Villager (Male) |
| 0:05 | Build | House |
| 0:07 | Build | House |
| 0:11 | Create | Villager (Male) |
| 0:12 | Create | Villager (Male) |
| 0:12 | Create | Villager (Male) |
| 1:44 | Build | Lumber Camp |
| 1:48 | Create | Villager (Male) |
| 2:23 | Create | Villager (Male) |
| 2:56 | Create | Villager (Male) |
| 2:56 | Create | Villager (Male) |
| 3:30 | Build | House |
| 3:44 | Create | Villager (Male) |
| 3:53 | Build | Mill |
| 4:07 | Create | Villager (Male) |
| 4:18 | Create | Villager (Male) |
| 4:26 | Create | Villager (Male) |
| 4:53 | Create | Villager (Male) |
| 5:37 | Build | House |
| 5:42 | Create | Villager (Male) |
| 5:52 | Create | Villager (Male) |
| 5:53 | Create | Villager (Male) |
| 6:11 | Create | Villager (Male) |
| 6:41 | Build | Farm |
| 6:51 | Create | Villager (Male) |
| 6:51 | Create | Villager (Male) |
| 6:51 | Create | Villager (Male) |
| 7:15 | Build | Mining Camp |
| 8:20 | Research | Feudal Age |
| 8:43 | Build | House |
| 10:31 | Create | Villager (Male) |
| 10:31 | Create | Villager (Male) |
| 10:34 | Age | Feudal Age |
| 10:42 | Build | Market |
| 10:52 | Build | Blacksmith |
| 11:34 | Research | Loom |
| 12:03 | Research | Castle Age |
| 12:23 | Research | Double-Bit Axe |
| 12:47 | Research | Horse Collar |
| 13:40 | Build | House |
| 13:57 | Build | Farm |
| 13:58 | Build | Farm |
| 13:59 | Build | Farm |
| 14:01 | Build | Farm |
| 14:02 | Build | Farm |
| 14:09 | Create | Villager (Male) |
| 14:09 | Create | Villager (Male) |
| 14:29 | Age | Castle Age |
| 14:43 | Build | Town Center |
| 14:50 | Build | Town Center |
| 14:58 | Research | Wheelbarrow |
| 15:08 | Build | Monastery |
| 15:41 | Create | Villager (Male) |
| 15:41 | Create | Villager (Male) |
| 15:48 | Create | Monk |
| 16:05 | Create | Villager (Male) |
| 16:08 | Create | Villager (Male) |
| 16:08 | Create | Villager (Male) |
| 16:14 | Build | Farm |
| 16:16 | Build | Farm |
| 16:18 | Build | Farm |
| 16:25 | Build | Farm |
| 16:32 | Build | House |
| 16:34 | Build | House |
| 16:36 | Build | Farm |
| 16:43 | Build | Farm |
| 16:53 | Create | Villager (Male) |
| 16:57 | Build | Farm |
| 17:12 | Build | Farm |
| 17:22 | Build | Farm |
| 17:25 | Create | Villager (Male) |
| 17:28 | Create | Villager (Male) |
| 17:30 | Create | Villager (Male) |
| 17:35 | Build | House |
| 17:37 | Build | House |
| 17:39 | Build | House |
| 17:48 | Create | Villager (Male) |
| 17:49 | Create | Villager (Male) |
| 17:51 | Build | Farm |
| 18:01 | Build | Farm |
| 18:02 | Create | Villager (Male) |
| 18:08 | Build | Farm |
| 18:11 | Create | Villager (Male) |
| 18:21 | Build | Farm |
| 18:23 | Build | Farm |
| 18:24 | Build | Farm |
| 18:26 | Build | Farm |
| 18:29 | Create | Villager (Male) |
| 18:31 | Create | Villager (Male) |
| 18:35 | Create | Villager (Male) |
| 18:43 | Build | Farm |
| 18:56 | Create | Villager (Male) |
| 18:58 | Create | Villager (Male) |
| 19:02 | Build | House |
| 19:03 | Build | House |
| 19:16 | Create | Villager (Male) |
| 19:22 | Build | Farm |
| 19:25 | Build | Farm |
| 19:27 | Create | Villager (Male) |
| 19:29 | Create | Villager (Male) |
| 19:31 | Create | Villager (Male) |
| 19:37 | Research | Bow Saw |
| 19:53 | Create | Villager (Male) |
| 19:56 | Build | Farm |
| 19:58 | Create | Villager (Male) |
| 20:00 | Create | Villager (Male) |
| 20:05 | Build | House |
| 20:07 | Build | House |
| 20:14 | Create | Villager (Male) |
| 20:18 | Build | Farm |
| 20:22 | Create | Villager (Male) |
| 20:23 | Create | Villager (Male) |
| 20:30 | Build | Town Center |
| 20:36 | Create | Villager (Male) |
| 20:38 | Create | Villager (Male) |
| 20:40 | Create | Villager (Male) |
| 20:45 | Build | Farm |
| 21:01 | Create | Villager (Male) |
| 21:03 | Create | Villager (Male) |
| 21:05 | Create | Villager (Male) |
| 21:21 | Build | House |
| 21:22 | Build | House |
| 21:24 | Build | House |
| 21:29 | Build | Farm |
| 21:31 | Create | Villager (Male) |
| 21:31 | Create | Villager (Male) |
| 21:46 | Research | Heavy Plow |
| 21:48 | Research | Gold Mining |
| 21:55 | Build | Farm |
| 22:00 | Create | Villager (Male) |
| 22:00 | Create | Villager (Male) |
| 22:03 | Build | Farm |
| 22:04 | Build | Farm |
| 22:07 | Build | Farm |
| 22:09 | Create | Villager (Male) |
| 22:09 | Create | Villager (Male) |
| 22:11 | Create | Villager (Male) |
| 22:12 | Create | Villager (Male) |
| 22:44 | Create | Villager (Male) |
| 22:44 | Create | Villager (Male) |
| 22:49 | Build | Farm |
| 22:52 | Create | Villager (Male) |
| 22:52 | Create | Villager (Male) |
| 22:56 | Create | Villager (Male) |
| 22:56 | Create | Villager (Male) |
| 22:58 | Create | Villager (Male) |
| 22:59 | Create | Villager (Male) |
| 22:59 | Create | Villager (Male) |
| 23:02 | Research | Gold Shaft Mining |
Build order — 随便玩玩
First 150 of 426 actions detected
| 0:04 | Create | Villager (Male) |
| 0:05 | Create | Villager (Male) |
| 0:05 | Create | Villager (Male) |
| 0:05 | Create | Villager (Male) |
| 0:09 | Build | House |
| 0:27 | Build | House |
| 0:44 | Build | House |
| 1:11 | Build | House |
| 1:45 | Create | Villager (Male) |
| 1:54 | Build | Lumber Camp |
| 2:02 | Create | Villager (Male) |
| 2:22 | Create | Villager (Male) |
| 2:53 | Create | Villager (Male) |
| 3:21 | Create | Villager (Male) |
| 3:40 | Create | Villager (Male) |
| 4:08 | Create | Villager (Male) |
| 4:20 | Build | Mill |
| 4:40 | Create | Villager (Male) |
| 4:58 | Create | Villager (Male) |
| 5:21 | Create | Villager (Male) |
| 5:39 | Create | Villager (Male) |
| 6:09 | Create | Villager (Male) |
| 6:10 | Create | Villager (Male) |
| 6:55 | Create | Villager (Male) |
| 6:56 | Create | Villager (Male) |
| 7:15 | Build | Farm |
| 7:16 | Build | Farm |
| 7:17 | Build | Farm |
| 7:19 | Build | Farm |
| 7:29 | Create | Villager (Male) |
| 7:29 | Create | Villager (Male) |
| 7:55 | Create | Villager (Male) |
| 8:50 | Create | Villager (Male) |
| 8:56 | Build | Mining Camp |
| 9:29 | Research | Feudal Age |
| 9:48 | Build | Barracks |
| 10:05 | Build | House |
| 10:34 | Create | Villager (Male) |
| 10:34 | Create | Villager (Male) |
| 11:50 | Age | Feudal Age |
| 11:55 | Build | Stable |
| 12:05 | Build | Blacksmith |
| 12:12 | Create | Villager (Male) |
| 12:56 | Research | Castle Age |
| 13:43 | Build | Mining Camp |
| 13:50 | Research | Double-Bit Axe |
| 13:52 | Research | Horse Collar |
| 15:12 | Research | Wheelbarrow |
| 15:30 | Create | Scout Cavalry |
| 15:30 | Create | Scout Cavalry |
| 15:45 | Age | Castle Age |
| 15:53 | Build | Town Center |
| 16:01 | Build | Town Center |
| 16:12 | Create | Knight |
| 16:47 | Build | House |
| 16:49 | Create | Knight |
| 17:29 | Create | Villager (Male) |
| 17:30 | Create | Villager (Male) |
| 18:03 | Create | Villager (Male) |
| 18:34 | Build | Mill |
| 18:38 | Build | Farm |
| 18:38 | Build | Farm |
| 18:38 | Build | Farm |
| 18:38 | Build | Farm |
| 18:39 | Build | Farm |
| 18:40 | Build | Farm |
| 18:40 | Build | Farm |
| 18:41 | Build | Farm |
| 18:50 | Build | Mill |
| 19:02 | Create | Villager (Male) |
| 19:03 | Create | Villager (Male) |
| 19:15 | Create | Villager (Male) |
| 19:24 | Create | Villager (Male) |
| 19:25 | Create | Villager (Male) |
| 19:27 | Create | Villager (Male) |
| 19:35 | Build | Farm |
| 19:35 | Build | Farm |
| 19:36 | Build | Farm |
| 19:37 | Build | Farm |
| 19:38 | Build | Farm |
| 19:42 | Create | Villager (Male) |
| 19:47 | Create | Villager (Male) |
| 19:52 | Build | Farm |
| 19:52 | Build | Farm |
| 19:53 | Build | Farm |
| 19:53 | Build | Farm |
| 20:13 | Build | Mill |
| 20:17 | Create | Villager (Male) |
| 20:17 | Create | Villager (Male) |
| 20:25 | Build | Farm |
| 20:26 | Build | Farm |
| 20:30 | Create | Villager (Male) |
| 20:30 | Create | Villager (Male) |
| 20:31 | Create | Villager (Male) |
| 20:42 | Create | Villager (Male) |
| 20:47 | Research | Bow Saw |
| 20:57 | Build | Farm |
| 21:02 | Create | Villager (Male) |
| 21:03 | Create | Villager (Male) |
| 21:05 | Create | Villager (Male) |
| 21:24 | Research | Heavy Plow |
| 21:27 | Create | Villager (Male) |
| 21:29 | Create | Villager (Male) |
| 21:31 | Create | Villager (Male) |
| 21:40 | Build | Farm |
| 21:49 | Build | House |
| 21:49 | Build | House |
| 21:51 | Build | House |
| 21:51 | Build | House |
| 21:55 | Create | Villager (Male) |
| 21:56 | Create | Villager (Male) |
| 21:58 | Create | Villager (Male) |
| 22:07 | Build | Mill |
| 22:11 | Create | Villager (Male) |
| 22:12 | Create | Villager (Male) |
| 22:12 | Create | Villager (Male) |
| 22:24 | Build | Farm |
| 22:25 | Build | Farm |
| 22:37 | Build | Castle |
| 22:41 | Create | Villager (Male) |
| 22:42 | Create | Villager (Male) |
| 22:52 | Build | Farm |
| 22:53 | Build | Farm |
| 22:53 | Build | Farm |
| 22:54 | Build | Farm |
| 22:54 | Build | Farm |
| 23:02 | Create | Villager (Male) |
| 23:02 | Create | Villager (Male) |
| 23:04 | Create | Villager (Male) |
| 23:20 | Create | Villager (Male) |
| 23:20 | Create | Villager (Male) |
| 23:21 | Create | Villager (Male) |
| 23:41 | Research | Hand Cart |
| 23:43 | Create | Villager (Male) |
| 23:43 | Create | Villager (Male) |
| 23:59 | Create | Villager (Male) |
| 23:59 | Create | Villager (Male) |
| 24:08 | Build | Farm |
| 24:08 | Build | Farm |
| 24:09 | Build | Farm |
| 24:09 | Build | Farm |
| 24:10 | Build | Farm |
| 24:11 | Build | Farm |
| 24:25 | Build | Mining Camp |
| 24:29 | Create | Villager (Male) |
| 24:30 | Create | Villager (Male) |
| 24:31 | Create | Villager (Male) |
| 24:42 | Create | Villager (Male) |
| 24:42 | Create | Villager (Male) |
| 24:59 | Build | Farm |
Match timeline
| 9:19 | 360216051 · first_building Barracks |
| 9:48 | 随便玩玩 · first_building Barracks |
| 9:51 | ui949 · age_up feudal |
| 10:11 | 360216051 · age_up feudal |
| 10:22 | 节操 · first_building Barracks |
| 10:34 | 青山新雨 夜观星河 · age_up feudal |
| 10:53 | 阿巴阿巴 · age_up feudal |
| 11:08 | minakuio · first_building Barracks |
| 11:35 | 节操 · age_up feudal |
| 11:50 | 随便玩玩 · age_up feudal |
| 11:55 | 随便玩玩 · first_building Stable |
| 12:26 | 360216051 · first_building Archery Range |
| 12:33 | minakuio · age_up feudal |
| 12:58 | 节操 · first_building Siege Workshop |
| 13:28 | ui949 · first_building Barracks |
| 13:41 | Denessa · age_up feudal |
| 14:29 | 青山新雨 夜观星河 · age_up castle |
| 14:57 | ui949 · age_up castle |
| 15:08 | 青山新雨 夜观星河 · first_building Monastery |
| 15:45 | 随便玩玩 · age_up castle |
| 15:51 | 360216051 · age_up castle |
| 16:11 | ui949 · first_building Archery Range |
| 16:25 | minakuio · age_up castle |
| 16:28 | 阿巴阿巴 · age_up castle |
| 16:42 | minakuio · first_building Castle |
| 17:41 | minakuio · first_building Siege Workshop |
| 17:54 | Denessa · age_up castle |
| 18:10 | 360216051 · first_building Monastery |
| 18:45 | 阿巴阿巴 · first_building Castle |
| 19:28 | 360216051 · first_building Castle |
| 20:49 | ui949 · first_building Monastery |
| 21:04 | minakuio · first_market_sell 100 wood |
| 21:06 | minakuio · first_market_buy 100 food |
| 21:28 | 阿巴阿巴 · first_building Barracks |
| 22:37 | 随便玩玩 · first_building Castle |
| 22:50 | 节操 · first_market_buy 100 food |
| 23:06 | 阿巴阿巴 · first_building Archery Range |
| 23:53 | 阿巴阿巴 · first_building Monastery |
| 25:29 | 节操 · wall_segment Palisade Wall x6 |
| 26:01 | minakuio · age_up imperial |
| 26:09 | Denessa · first_building Barracks |
| 26:20 | Denessa · first_building Siege Workshop |
| 26:25 | 节操 · age_up castle |
| 26:37 | 青山新雨 夜观星河 · first_building Barracks |
| 27:11 | 青山新雨 夜观星河 · first_building Castle |
| 27:21 | 青山新雨 夜观星河 · first_building Stable |
| 27:43 | 节操 · first_building Castle |
| 28:05 | 青山新雨 夜观星河 · age_up imperial |
| 28:22 | Denessa · first_building Castle |
| 29:08 | 随便玩玩 · age_up imperial |
| 29:38 | ui949 · first_building Castle |
| 29:45 | 360216051 · age_up imperial |
| 29:45 | 青山新雨 夜观星河 · first_building Siege Workshop |
| 30:37 | 阿巴阿巴 · age_up imperial |
| 31:08 | Denessa · age_up imperial |
| 31:46 | Denessa · first_market_sell 100 food |
| 32:13 | ui949 · age_up imperial |
| 33:19 | 360216051 · first_building Siege Workshop |
| 35:58 | minakuio · first_building Archery Range |
| 36:27 | Denessa · first_building Archery Range |
| 36:46 | 节操 · age_up imperial |
| 37:35 | ui949 · first_building Siege Workshop |
| 38:14 | Denessa · first_building Stable |
| 44:19 | minakuio · resign |
[ AI ANALYSIS · 1 CREDIT ]
What really happened in this match?
Wolo.gg analyzes every decision: build order, eco, micro, common mistakes by bracket. Personalized analysis on WhatsApp or Discord in 30 seconds.
Civ guide
Vietnamese
Perfil
Jugador #4238504